 Dungeon Crawl Stone Soup version 0.28.0-47-ge53b351184 (webtiles) character file.

Game seed: 7820886058557677202

2 CryoSword the Conjurer (level 1, -2/14 HPs)
             Began as a Demigod Conjurer on May 5, 2022.
             Slain by a goblin
             ... wielding a +0 dagger
              (3 damage)
             ... on level 1 of the Dungeon.
             The game lasted 00:00:21 (50 turns).

CryoSword the Conjurer (Demigod Conjurer)             Turns: 50, Time: 00:00:22

Health: -2/14      AC:  2    Str:  8    XL:     1   Next: 26%
Magic:  0/5        EV: 12    Int: 20    God:
Gold:   24         SH:  0    Dex: 12    Spells: 2/3 levels left

rFire   . . .      SeeInvis .   (no weapon)
rCold   . . .      Faith    .   (no shield)
rNeg    . . .      Spirit   .   a - +0 robe
rPois   .          Reflect  .   (no helmet)
rElec   .          Harm     .   (no cloak)
rCorr   .          Rampage  .   (no gloves)
Will    .....                   (no boots)
Stlth   ++........              (no amulet)
HPRegen 0.04/turn               (no ring)
MPRegen 0.09/turn               (no ring)

@: no status effects
A: high MP 1, forlorn, divine attributes
a: no special abilities


You were on level 1 of the Dungeon.
You visited 1 branch of the dungeon, and saw 1 of its levels.

You collected 24 gold pieces.

Inventory:

Armour
 a - a +0 robe (worn)
Potions
 b - a potion of flight {unknown}


   Skills:
 - Level 1.7 Dodging
 - Level 1.7 Stealth
 - Level 1.7 Spellcasting
 + Level 3.7 Conjurations


You had 2 spell levels left.
You knew the following spells:

 Your Spells              Type           Power      Damage    Failure   Level
a - Magic Dart            Conj           64%        1d6       3%          1

Your spell library contained the following spells:

 Spells                   Type           Power      Damage    Failure   Level
 Searing Ray              Conj           32%        2d5       5%          2
 Dazzling Flash           Conj/Hex       18%        N/A       22%         3
 Fulminant Prism          Conj/Hex       4%         3d6       58%         4
 Iskenderun's Mystic Bla  Conj/Tloc      9%         2d4       58%         4


Dungeon Overview and Level Annotations

Branches:
Dungeon (1/15)


Innate Abilities, Weirdness & Mutations

You have an increased reservoir of magic. (+10% MP)
You shall have no god before yourself.
Your divine heritage dramatically boosts your attributes as you level up.


Message History

Welcome, CryoSword the Demigod Conjurer.
Below lies the Orb of Zot, rumoured to be powerful enough to resurrect a god...
Found 24 gold pieces, a fizzy orange potion and a deep dwarf skeleton.
Found a staircase leading out of the dungeon.
You now have 12 gold pieces.
You now have 24 gold pieces (gained 12).
Found three deep dwarf skeletons.
Found a deep dwarf skeleton.
b - a fizzy orange potion You see here a deep dwarf skeleton.
A hobgoblin comes into view.
The hobgoblin shouts!
You hear a shout!
You hear an angry hiss. x2
You hear a shout!
A ball python comes into view.
A frilled lizard comes into view.
The hobgoblin moves out of view.
There are monsters nearby!
There are monsters nearby!
Aim: a frilled lizard (100% to hit)
The magic dart hits the frilled lizard.
You kill the frilled lizard!
A goblin comes into view. It is wielding a +0 club.
Aim: a goblin, wielding a +0 club (100% to hit)
The magic dart hits the goblin.
You kill the goblin!
A hobgoblin comes into view.
Aim: a hobgoblin (100% to hit)
The magic dart hits the hobgoblin.
A rat comes into view.
Aim: a hobgoblin (100% to hit)
The magic dart hits the hobgoblin.
A goblin comes into view. It is wielding a +0 dagger.
Aim: a hobgoblin (lightly wounded, 100% to hit)
The magic dart hits the hobgoblin.
The hobgoblin barely misses you.
You don't have enough magic to cast this spell.
The ball python barely misses you. The ball python grabs you.
The ball python constricts you.
You see here a deep dwarf skeleton.
You escape the ball python's grasp.
The ball python bites you but does no damage.
The ball python grabs you. The ball python constricts you.
You escape the ball python's grasp.
The ball python barely misses you. The ball python grabs you.
The ball python constricts you.
Aim: a ball python (constricting you, 100% to hit)
The magic dart hits the ball python.
You kill the ball python!
You hit the hobgoblin but do no damage. The hobgoblin closely misses you.
The rat barely misses you.
You barely miss the hobgoblin. The hobgoblin closely misses you.
The rat misses you. The goblin hits you with a +0 dagger.
The rat closely misses you. The goblin hits you with a +0 dagger.
* * * LOW HITPOINT WARNING * * *
The rat bites you.
* * * LOW HITPOINT WARNING * * *
You barely miss the hobgoblin. The goblin hits you with a +0 dagger.
* * * LOW HITPOINT WARNING * * *
The hobgoblin completely misses you. The rat misses you.
You hit the hobgoblin but do no damage. The goblin hits you with a +0 dagger.
You die...

..#........
...........
†.........
#.........
#.........
#....)..g. #.g#
#######..#
#@g÷÷..÷.#
#gr.....##
#g##...## ######.
#†##..÷# #......
#...g..##
##.....#
#.......###......
#####...##...#
##.......#
#......##


You could see 2 hobgoblins, a goblin and a rat.

Vanquished Creatures
  A goblin (D:1)
  A ball python (D:1)
  A frilled lizard (D:1)
3 creatures vanquished.

Notes
Turn   | Place    | Note
-------+----------+-------------------------------------------
     0 | D:1      | CryoSword the Demigod Conjurer began the quest for the Orb.
     0 | D:1      | Reached XP level 1. HP: 14/14 MP: 5/5
    50 | D:1      | Slain by a goblin

Illustrated notes

Levels and vault maps discovered:
D:1:      amcnicky_arrival_wind_blow, layout_rooms

Action                   || total
-------------------------++-------
Melee: Unarmed           ||     4
 Cast: Magic Dart        ||     6
Armor: Robe              ||     1
Dodge: Dodged            ||    10
